 Dungeon Crawl Stone Soup version 0.31-a0-204-g7da18cac08 (webtiles) character file.

Game seed: 6069930303050320722

2 qw the Shooter (level 1, -3/12 HPs)
             Began as a Deep Elf Hunter on June 27, 2023.
             Slain by a gnoll
             ... wielding a +0 spear
              (8 damage)
             ... on level 2 of the Dungeon.
             The game lasted 00:00:02 (88 turns).

qw the Shooter (Deep Elf Hunter)                      Turns: 88, Time: 00:00:03

Health: -3/12      AC:  3    Str:  8    XL:     1   Next: 33%
Magic:  3/3        EV:  6    Int: 13    God:
Gold:   17         SH:  0    Dex: 18    Spells: 0/0 levels left

rFire   . . .        a - +0 shortbow
rCold   . . .        (shield currently unavailable)
rNeg    . . .        c - +0 leather armour
rPois   .            (no helmet)
rElec   .            (no cloak)
rCorr   .            (no gloves)
SInv    .            (no boots)
Will    .....        (no amulet)
Stlth   ++           (no ring)
HPRegen 0.22/turn    (no ring)
MPRegen 0.08/turn

%: no passive effects
@: held
A: no striking features
a: no special abilities


You were on level 2 of the Dungeon.
You visited 1 branch of the dungeon, and saw 2 of its levels.

You collected 17 gold pieces.


   Skills:
 - Level 1.5 Fighting
 + Level 5.5 Ranged Weapons
 - Level 2.4 Dodging
 - Level 1.2 Stealth


You couldn't memorise any spells.
You didn't know any spells.
Your spell library was empty.

Inventory:

Hand Weapons
 a - a +0 shortbow (weapon)
Armour
 c - a +0 leather armour (worn)
Scrolls
 b - a scroll of butterflies
Potions
 d - a potion of curing {unknown}

Dungeon Overview and Level Annotations

Branches:
Dungeon (2/15)

Altars:

Annotations:
D:2 exclusion: 2 gnolls


Message History

Found a stone staircase leading down.
Waypoint 1 assigned to D:2.
You open the door.
A kobold and a frilled lizard come into view.
The kobold shouts!
The frilled lizard hisses angrily.
There is an open door here.
You shoot an arrow. The arrow hits the frilled lizard.
You kill the frilled lizard!
You shoot an arrow. The arrow barely misses the kobold.
The kobold throws a stone.
The stone hits you.
You shoot an arrow. The arrow barely misses the kobold.
The kobold throws a stone.
The stone hits you.
You shoot an arrow. The arrow closely misses the kobold.
You shoot an arrow. The arrow closely misses the kobold.
You shoot an arrow. The arrow hits the kobold!
You kill the kobold!
You start resting.
HP restored.
Found 2 stones.
d - a purple potion A quokka comes into view.
You shoot an arrow. The arrow hits the quokka!
You kill the quokka! 2 gnolls come into view.
You shoot an arrow.
The arrow hits the gnoll but does no damage.
You shoot an arrow. The arrow hits the gnoll.
The gnoll is moderately wounded.
You shoot an arrow. The arrow hits the gnoll.
The gnoll is almost dead.
The gnoll throws a throwing net.
The throwing net hits you.
You become entangled in the net!
You tear a large gash into the net.
You struggle against the net.
The gnoll hits you from afar with a +0 spear!
Ouch! That really hurt!
You struggle against the net.
The gnoll hits you from afar with a +0 spear!
Ouch! That really hurt!
You die...

##..........#
+...........#
###.........#
#.........#
#.........#
#.........#
###.........#
#..#+~~~~~~~#
#.@#+#.....##
#.......~..~.#
#.%.g.g..~...#
#.............#
#.............#
#............
#............
#............


You could see 2 gnolls.

Vanquished Creatures
  A quokka (D:2)
  A frilled lizard (D:2)
  A kobold (D:2)
3 creatures vanquished.

Notes
Turn   | Place    | Note
-------+----------+-------------------------------------------
     0 | D:1      | qw the Deep Elf Hunter began the quest for the Orb.
     0 | D:1      | Reached XP level 1. HP: 12/12 MP: 3/3
     0 | D:1      | 0 ||| qw: Version: 0.3-a-22-g0ed2b0b
     0 | D:1      | 0 ||| qw: Game counter: 6579
     0 | D:1      | 0 ||| qw: Melee chars always use a shield: true
     0 | D:1      | 0 ||| qw: God list: Okawaru
     0 | D:1      | 0 ||| qw: Allow faded altars: false
     0 | D:1      | 0 ||| qw: Do Orc after clearing Dungeon:15 true
     0 | D:1      | 0 ||| qw: Do second Lair branch before Depths: true
     0 | D:1      | 0 ||| qw: Lair rune preference: random
     0 | D:1      | 0 ||| qw: Goals: Normal
     0 | D:1      | 0 ||| PLANNING D:1-11
    20 | D:1      | You fall into a shaft and drop 1 floor!
    88 | D:2      | Slain by a gnoll

Levels and vault maps discovered:
D:1:      dpeg_arrival_renting, layout_rooms
D:2:      layout_basic, serial_rivers, chequers_serial_rivers_small_b,
          chequers_serial_rivers_large_a, chequers_serial_rivers_small_3,
          chequers_serial_rivers_micro_e, chequers_serial_rivers_marsh,
          minmay_box_of_dots

Action                     || total
---------------------------++-------
   Fire: Shortbow          ||    10

Table legend:
 A = Non-vault XP
 B = Vault XP
 C = Vault XP percentage of total XP
 D = Non-vault monster count
 E = Vault monster count
 F = Vault count percentage of total count
                 A         B        C        D         E       F
            +---------+---------+-------+---------+---------+-------
      Total |       4 |       0 |   0.0 |       3 |       0 |   0.0
            +---------+---------+-------+---------+---------+-------
        D:2 |       4 |       0 |   0.0 |       3 |       0 |   0.0
            +---------+---------+-------+---------+---------+-------
